 Dungeon Crawl Stone Soup version 0.21.1-1-g345015f (webtiles) character file.

116 Melicamp the Magician (level 5, 0/41 HPs)
             Began as a Barachi Wanderer on Apr 10, 2018.
             Was an Initiate of Dithmenos.
             Slain by an orc
             ... wielding a +0 dagger
              (2 damage)
             ... on level 3 of the Dungeon.
             The game lasted 00:13:11 (3073 turns).

Melicamp the Magician (Barachi Wanderer)            Turns: 3073, Time: 00:13:12

Health: 0/41       AC:  2    Str: 15    XL:     5   Next: 0%
Magic:  8/10       EV: 11    Int: 15    God:    Dithmenos [......]
Gold:   117        SH:  0    Dex: 13    Spells: 6/11 levels left

rFire    . . .     SeeInvis .   g - +2 dagger (speed)
rCold    . . .     Gourm    .   (no shield)
rNeg     . . .     Faith    .   d - +0 robe
rPois    .         Spirit   .   (no helmet)
rElec    .         Reflect  .   (no cloak)
rCorr    .         Harm     .   (no gloves)
MR       .....                  (no boots)
Stlth    ++........             (no amulet)
HPRegen  0.13/turn              e - ring of flight
MPRegen  0.12/turn              (no ring)

@: mighty, very slightly contaminated, invisible, slow
A: +LOS, swims, slowness 1, strong legs 1
a: Hop, Renounce Religion, Evoke Flight


You were on level 3 of the Dungeon.
You worshipped Dithmenos.
Dithmenos was noncommittal.
You were not hungry.

You visited 1 branch of the dungeon, and saw 3 of its levels.

You collected 117 gold pieces.

Inventory:

Hand Weapons
 g - a +2 dagger of speed (weapon)
   (You took it off a goblin on level 1 of the Dungeon)
Missiles
 k - 132 stones (quivered)
Armour
 d - a +0 robe (worn)
Jewellery
 e - a ring of flight (left hand)
   (You found it on level 1 of the Dungeon)
 o - a +2 ring of strength {unknown}
   (You found it on level 2 of the Dungeon)
Wands
 l - a wand of iceblast (8)
   (You found it on level 2 of the Dungeon)
Scrolls
 j - a scroll of remove curse
Potions
 c - 2 potions of curing
 h - a potion of invisibility
 i - a potion of haste {unknown}
 m - a potion of might
Books
 a - a book of Air
 b - the Volume of the Glacier

   Spells                             Type                      Level
   a - Throw Frost                    Conjuration/Ice              2
   b - Ensorcelled Hibernation        Hexes/Ice                    2
Comestibles
 f - 5 rations


   Skills:
 - Level 3.1 Fighting
 - Level 1.2 Armour
 - Level 1.0 Stealth
 * Level 3.8 Spellcasting
 + Level 1.6 Conjurations
 + Level 2.4 Air Magic
   Level 2.0 Earth Magic
 - Level 1.1 Evocations


You had 6 spell levels left.
You knew the following spells:

 Your Spells              Type           Power        Failure   Level  Hunger
a - Shock                 Conj/Air       #...         9%          1    None
b - Ensorcelled Hibernat  Hex/Ice        #.....       28%         2    ##.....
c - Throw Frost           Conj/Ice       #.....       21%         2    ##.....


Dungeon Overview and Level Annotations

Branches:
Dungeon (3/15)

Altars:
Dithmenos
Gozag
Kikubaaqudgha
Ru
Uskayaw

Annotations:
D:3 Grinder, Robin


Innate Abilities, Weirdness & Mutations

Shadows flee at your approach. (+LOS)
You can swim through water.
You cover ground slowly.
You can hop short distances.


Message History

You hit the orc.
The orc is lightly wounded.
The orc hits you but does no damage.
You hit the orc but do no damage.
The orc is lightly wounded.
The orc hits you with a dagger.
You hit the orc but do no damage.
The orc is lightly wounded.
You hit the orc but do no damage.
The orc is lightly wounded.
The orc hits you with a dagger.
You hit the orc but do no damage.
The orc is lightly wounded.
The orc barely misses you.
You hit the orc but do no damage.
The orc is lightly wounded.
You barely miss the orc.
The orc is lightly wounded.
The orc hits you with a dagger.
Casting: Throw Frost
Confirm with . or Enter, or press ? or * to list all spells.
Aiming: Throw Frost
Press: ? - help, Shift-Dir - straight line, f - orc
Aim: an orc, wielding a dagger and wearing a chain mail The puff of frost hits the orc.
The orc appears unharmed.
The orc grunts loudly.
The orc hits you with a dagger.
The orc priest invokes the aid of Beogh against you.
Beogh smites you!
You hear a shout!
Casting: Throw Frost
Confirm with . or Enter, or press ? or * to list all spells.
Aiming: Throw Frost
Press: ? - help, Shift-Dir - straight line, f/p - orc
Aim: an orc, wielding a dagger and wearing a chain mail The puff of frost misses the orc. x2; The orc barely misses you.
You closely miss the orc. The orc hits you with a dagger.
* * * LOW HITPOINT WARNING * * *
You closely miss the orc. You hit the orc but do no damage. The orc misses you.
You hit the orc.
The orc is lightly wounded.
You are ready to hop once more.
You hit the orc but do no damage.
The orc is lightly wounded.
The orc hits you with a dagger.
* * * LOW HITPOINT WARNING * * *
You fade into invisibility!
The orc barely misses you.
You are very lightly contaminated with residual magic.
An orc comes into view. It is wielding an enchanted hand axe.
You catch the helpless orc completely off-guard!
You hit the orc but do no damage.
The orc is lightly wounded.
The orc misses you.
You hit the orc but do no damage.
The orc is lightly wounded.
The orc moves out of view.
You hit the orc but do no damage.
The orc is lightly wounded.
The orc closely misses you.
You hit the orc but do no damage.
The orc is lightly wounded.
The orc barely misses you.
You hit the orc but do no damage.
The orc is lightly wounded.
You hit the orc but do no damage.
The orc is lightly wounded.
The orc barely misses you.
You hit the orc but do no damage.
The orc is lightly wounded.
The orc closely misses you.
You closely miss the orc.
The orc is lightly wounded.
You hit the orc.
The orc is moderately wounded.
The orc hits you with a dagger.
* * * LOW HITPOINT WARNING * * *
You catch the helpless orc completely off-guard!
You hit the orc but do no damage.
The orc is moderately wounded.
The orc hits you with a dagger.
* * * LOW HITPOINT WARNING * * *
You hit the orc.
The orc is heavily wounded.
You barely miss the orc.
The orc is heavily wounded.
The orc barely misses you.
You hit the orc but do no damage.
The orc is moderately wounded.
The orc closely misses you.
It was a potion of might.
You feel very mighty all of a sudden. The orc closely misses you.
You closely miss the orc.
The orc is moderately wounded.
You hit the orc.
The orc is heavily wounded.
The orc hits you with a dagger.
You die...

**+****,*#...#..###%##.# *,*
**,****,*#...#......#*,* *,*
,*,,,,*,*#...##.....#*,***,*
,****,*,*#.#.#####.##*,,,,,*
,,,**,*,*........#...*,,****
,*+**,*,#.##..##.###.#,,*
,,,,*,,,#.#.......,,.#,,*
,,,,#####.#....#.#,,,.,,*
,,,,#.....#.(.[#@#,,,,.**
,,,,#..........#o#######
,,,,#.......o...o......#
*,,,#..####.#..#o#####.#
,,,,+,,,* #.#..#.# *,*
**,,***,**#o#..#.# *,*
,*****,,,*#o#.>#.# *,*
,,,,,,,8,,..#.##.# *,*
,*****,,,*o.#.##.# *,*****


You could see an orc priest and 2 orcs.

Vanquished Creatures
  An orc priest (D:3)
  Terence (D:2)
  2 adders (D:2)
  A worm (D:2)
  A ball python (D:2)
  2 giant cockroaches
  10 goblins
  5 hobgoblins
  5 kobolds
  A quokka (D:2)
  4 bats
  2 frilled lizards
  8 rats
43 creatures vanquished.

Notes
Turn   | Place    | Note
-------+----------+-------------------------------------------
     0 | D:1      | Melicamp the Barachi Wanderer began the quest for the Orb.
     0 | D:1      | Melicamp set off with: a book of Air, the Volume of the Glacier, a potion of curing, a +0 robe, a +0 dagger, a ration
     0 | D:1      | Reached XP level 1. HP: 17/17 MP: 2/2
     1 | D:1      | Identified the Volume of the Glacier
     3 | D:1      | Learned a level 1 spell: Shock
   312 | D:1      | Reached XP level 2. HP: 19/23 MP: 2/4
   371 | D:1      | Learned a level 2 spell: Ensorcelled Hibernation
   467 | D:1      | Reached skill level 2 in Spellcasting
  1236 | D:2      | Found an ancient bone altar of Kikubaaqudgha.
  1239 | D:2      | Found a hide-covered altar of Uskayaw.
  1242 | D:2      | Found a shadowy altar of Dithmenos.
  1245 | D:2      | Found an opulent altar of Gozag.
  1254 | D:2      | Became a worshipper of Dithmenos the Shadowed
  1280 | D:2      | Reached skill level 3 in Fighting
  1280 | D:2      | Reached XP level 3. HP: 29/29 MP: 6/6
  1460 | D:2      | Learned a level 2 spell: Throw Frost
  1584 | D:2      | Found a sacrificial altar of Ru.
  1585 | D:2      | Noticed Terence
  1614 | D:2      | HP: 2/29 [Terence/mace (9)]
  1617 | D:2      | Killed Terence
  1617 | D:2      | Reached skill level 3 in Spellcasting
  1617 | D:2      | Reached XP level 4. HP: 3/35 MP: 1/8
  1919 | D:2      | Reached skill level 1 in Conjurations
  2837 | D:3      | Noticed Grinder
  2838 | D:3      | Noticed Robin
  3041 | D:3      | Reached XP level 5. HP: 34/41 MP: 10/10
  3052 | D:3      | HP: 9/41 [orc/dagger (4)]
  3066 | D:3      | HP: 7/41 [orc/dagger (1)]
  3067 | D:3      | HP: 1/41 [orc/dagger (6)]
  3073 | D:3      | Slain by an orc

Skill      XL: |  1  2  3  4 |
---------------+-------------+-----
Spellcasting   | 2 3 |  3.8
Fighting       | 3 |  3.1
Conjurations   | 1 |  1.6
Armour         | |  1.2
Stealth        | |  1.0
Air Magic      | |  2.4
Earth Magic    | |  2.0
Evocations     | |  1.1

Action                   |  1- 3 |  4- 6 || total
-------------------------+-------+-------++-------
Melee: Dagger            |    63 |    75 ||   138
 Cast: Shock             |    33 |    18 ||    51
       Throw Frost       |       |     7 ||     7
 Abil: Hop               |     1 |     1 ||     2
  Use: Scroll            |     4 |     5 ||     9
       Potion            |     1 |     2 ||     3
 Stab: Sleeping          |     2 |       ||     2
       Invisible         |     2 |     2 ||     4
  Eat: Chunk             |     3 |     2 ||     5
       Ration            |       |     1 ||     1
Armor: Robe              |    10 |     6 ||    16
Dodge: Dodged            |    19 |    29 ||    48

Vault maps used:
D:1:      dpeg_arrival_rhombi
D:2:      grunt_temple_overflow_cloverleaf, nicolae_ru_sacrificial_ziggurat,
          uniq_terence
D:3:      minmay_misc_feat_tower, minmay_liquid_box, uniq_robin,
          uniq_crazy_yiuf_cottage, uniq_grinder

Table legend:
 A = Turns spent in this place as a percentage of turns spent in the entire game.
 B = Non-inter-level travel turns spent in this place as a percentage of non-inter-level travel turns spent in the entire game.
 C = Inter-level travel turns spent in this place as a percentage of turns spent in this place.
 D = Turns resting spent in this place as a percentage of non-inter-level travel turns spent in this place.
 E = Turns spent auto-exploring this place as a percentage of non-inter-level travel turns spent in this place.
 F = Non-inter-level travel turns spent in this place divided by the number of levels of this place that you've seen.
                   A       B       C       D       E      F
               +-------+-------+-------+-------+-------+----------------------
         Total | 100.0 | 100.0 |   3.6 |  42.4 |  42.9 | 987.0
       Dungeon | 100.0 | 100.0 |   3.6 |  42.4 |  42.9 | 987.0
               +-------+-------+-------+-------+-------+----------------------

Table legend:
 A = Kills in this place as a percentage of kills in entire the game.
 B = Kills by you in this place as a percentage of kills by you in the entire game.
 C = Kills by friends in this place as a percentage of kills by friends in the entire game.
 D = Other kills in this place as a percentage of other kills in the entire game.
 E = Experience gained in this place as a percentage of experience gained in the entire game.
 F = Experience gained in this place divided by the number of levels of this place that you have seen.
                   A       B       C       D       E      F
               +-------+-------+-------+-------+-------+----------------------
         Total | 100.0 | 100.0 |   N/A |   N/A | 100.0 |  55.3
       Dungeon | 100.0 | 100.0 |   N/A |   N/A | 100.0 |  55.3
               +-------+-------+-------+-------+-------+----------------------
